 Dungeon Crawl Stone Soup version 0.19.0-24-gb05acd6 (webtiles) character file.

213418 GordonOverkill the Executioner (level 18, -2/134 HPs)
             Began as a Minotaur Necromancer on Nov 21, 2016.
             Was the Champion of Makhleb.
             Killed from afar by a merfolk aquamancer (28 damage)
             ... with a shard of ice
             ... on level 4 of the Shoals on Nov 22, 2016.
             The game lasted 03:00:14 (42264 turns).

GordonOverkill the Executioner (MiNe)              Turns: 42264, Time: 03:00:22

Health: -2/134     AC: 35    Str: 21      XL:     18   Next: 27%
Magic:  25/25      EV: 15    Int: 12 (14) God:    Makhleb [******]
Gold:   2264       SH:  4    Dex: 11      Spells: 9 memorised, 0 levels left

rFire  + . .     SeeInvis +     K - +4 battleaxe (vamp)
rCold  + . .     Gourm    .     O - +10 scale mail "Nied" {SInv}
rNeg   . . .     Faith    .     (shield currently unavailable)
rPois  +         Spirit   .     j - +2 hat
rElec  .         Reflect  +     Q - +2 cloak
rCorr  .         Harm     .     o - +2 pair of gloves {archery}
MR     +....                    s - +2 pair of boots
Stlth  ..........               w - +4 amulet of reflection
                                H - ring of Cheibriados's Envy {rPois rC+ Int+2 SInv}
                                m - +4 ring of protection

@: mesmerised
A: retaliatory headbutt, horns 2, deterioration 1, fire resistance 1, frail 2,
evolution 2
a: Minor Destruction, Lesser Servant of Makhleb, Major Destruction, Greater
Servant of Makhleb, Renounce Religion
}: 1/15 runes: gossamer


You were on level 4 of the Shoals.
You worshipped Makhleb.
Makhleb was exalted by your worship.
You were not hungry.

You visited 6 branches of the dungeon, and saw 32 of its levels.
You also visited: Bailey.

You collected 3409 gold pieces.
You spent 1145 gold pieces at shops.

Inventory:

Hand Weapons
 f - the +10 mace of the Mouth {flame, rC+ rN+++ MR+ Str-2}
   (You took it off a centaur on level 1 of the Shoals)

   It has been specially enchanted to burn those struck by it, causing extra
   injury to most foes and up to half again as much damage against particularly
   susceptible opponents.
   It affects your strength (-2).
   It protects you from cold.
   It renders you almost immune to negative energy.
   It affects your resistance to hostile enchantments.
 K - a +4 vampiric battleaxe (weapon)
Missiles
 A - 10 javelins (quivered)
Armour
 j - a +2 hat (worn)
 o - a +2 pair of gloves of archery (worn)
 s - a +2 pair of boots (worn)
 L - the +7 scale mail of Indomitability {rF+}
   (You found it in a bailey)

   It protects you from fire.
 O - the +10 scale mail "Nied" (worn) {SInv}
   (You bought it in a shop on level 2 of the Orcish Mines)

   It lets you see invisible.
 Q - a +2 cloak (worn)
Jewellery
 m - a +4 ring of protection (left hand)
 q - an uncursed amulet of rage
 w - a +4 amulet of reflection (around neck)
 z - an uncursed ring of magical power
 H - the ring of Cheibriados's Envy (right hand) {rPois rC+ Int+2 SInv}
   (You took it off a human on level 14 of the Dungeon)

   [ring of protection from cold]

   It affects your intelligence (+2).
   It protects you from cold.
   It protects you from poison.
   It lets you see invisible.
 U - an uncursed ring of protection from fire
Wands
 h - a wand of heal wounds (6/9)
 u - a wand of hasting (3/9)
 y - a wand of flame (17/48)
 J - a wand of teleportation (4/9)
 X - a wand of digging (4/24)
Scrolls
 d - 22 scrolls of remove curse
 i - 7 scrolls of fog
 r - 4 scrolls of recharging
 F - 6 scrolls of teleportation
 G - a scroll of silence
 I - 2 scrolls of blinking
 M - 2 scrolls of fear
 N - 7 scrolls of magic mapping
Potions
 a - 5 potions of curing
 e - 5 potions of agility
 g - a potion of invisibility {unknown}
 k - a potion of resistance
 t - a potion of lignification
 v - a potion of ambrosia
 x - 3 potions of cancellation
 B - a potion of flight
Comestibles
 b - 2 royal jellies
 c - 29 bread rations
 l - 5 beef jerkies
 n - 19 fruits
 p - 2 slices of pizza
 C - 8 chunks of flesh
 P - 8 meat rations


   Skills:
 + Level 16.4 Fighting
 + Level 22.8(24.0) Axes
 - Level 14.9(20.4) Maces & Flails
 + Level 11.5 Armour
 - Level 10.2 Dodging
 - Level 1.5 Stealth
 - Level 1.3 Spellcasting
 - Level 6.0 Necromancy
 - Level 11.1 Invocations


You couldn't memorise any spells.
You knew the following spells:

 Your Spells              Type           Power        Failure   Level  Hunger
a - Pain                  Necr           ###.         8%          1    ##.....
b - Animate Skeleton      Necr           N/A          8%          1    ##.....
c - Blink                 Tloc           N/A          91%         2    ###....
d - Repel Missiles        Chrm/Air       #.....       91%         2    ###....
e - Regeneration          Chrm/Necr      #.........   67%         3    ####...
f - Swiftness             Chrm/Air       #.......     91%         2    ###....
g - Apportation           Tloc           #.........   75%         1    ##.....
h - Summon Butterflies    Summ           #.......     75%         1    ##.....
i - Invisibility          Hex            #.......     100%        6    #######


Dungeon Overview and Level Annotations

Branches:
Dungeon (15/15)            Temple (1/1) D:7            Lair (6/6) D:9
 Shoals (4/4) Lair:2       Spider (4/4) Lair:3        Slime (0/5) Lair:5
    Orc (2/2) D:11            Elf (0/3) Orc:2        Vaults (0/5) D:14
 Depths (0/5) D:15

Altars:
Ashenzari
Cheibriados
Dithmenos
Elyvilon
Fedhas
Gozag
Hepliaklqana
Kikubaaqudgha
Makhleb
Nemelex Xobeh
Okawaru
Qazlal
Ru
Sif Muna
Trog
Uskayaw
Vehumet
Xom
Yredelemnul
Zin
The Shining One

Shops:
D:11 (   D:13 }:[   Orc:1 =   Orc:2 [[}[?   Shoals:4 }

Annotations:
D:2 Terence
D:3 exclusion: downstairs
D:5 exclusion: upstairs
D:9 exclusion: downstairs
Shoals:1 1 runed door


Innate Abilities, Weirdness & Mutations

You reflexively headbutt those who attack you in melee.
You have a pair of horns on your head.
Your body sometimes deteriorates upon taking damage.
Your flesh is heat resistant. (rF+)
You are very frail. (-20% HP)
You rapidly evolve.


Message History

With effort, you pull free of the water engulfing you.
You gasp with relief as air once again reaches your lungs.
A merfolk avatar comes into view.
The merfolk avatar shouts!
The wind drake exhales a fierce blast of wind!
You are blown backwards!
The merfolk impaler hits something with a trident of flaming!!
The merfolk impaler burns something!
The wind drake flaps its wings at you. The air twists around and strikes you!
* * * LOW HITPOINT WARNING * * *
The merfolk avatar chants a haunting song.
You are mesmerised by the merfolk avatar!
The water nymph casts a spell at you. The water swirls and strikes you!
* * * LOW HITPOINT WARNING * * *
Your body deteriorates!
You feel dopey.
The merfolk aquamancer casts a spell at you.
The shard of ice hits you! You partially resist.
You die...

≈,≈,≈,,,,,PP.#.≈≈≈≈≈≈≈≈≈≈≈≈..P...
≈≈,,,,,**P......##c≈≈P≈≈≈≈≈..##P.
≈≈,,,,,,*#......P≈≈Z≈≈≈≈≈≈:......
≈,,,,,,,,...:...cP≈≈≈P##≈≈)....P.
,,,,,,,,,......##≈k≈m≈≈P≈........
,,,,,,,**......P##mE≈≈PP##.P..#..
,,,,,,,,,,.#.PPPP≈≈≈≈≈P≈.PPPPP#..
*,,,,,,,,###....P≈≈≈≈≈≈≈##P......
*,,,,,,,,.PP....@≈≈≈≈≈≈≈.........
*,,,,,,,,......≈≈≈≈≈≈≈≈≈≈........
*,,,,,,,,...?..≈≈≈≈PPP≈≈≈........
*,,,,,,,,.....≈≈PP#≈≈##P≈≈.......
≈≈,,,,,,,....≈≈≈≈≈#mPP#P≈≈.......
≈≈≈≈≈≈≈,,...≈≈≈≈P≈m≈≈≈#≈≈≈≈|..(..
≈≈≈≈≈≈≈≈,..≈≈≈#PP≈≈,,≈≈≈*≈≈.####.
≈≈≈≈≈≈≈≈,..≈≈≈≈P≈≈≈c,≈≈P≈≈≈,* *#.
≈≈≈≈≈≈≈*,*,,,,*,,,,,,,,,*≈≈,**#..


You could see a merfolk avatar, a merfolk impaler (wandering), a merfolk
aquamancer, a wind drake, a faun (wandering), a water elemental, a water nymph
and a friendly water nymph skeleton.

Vanquished Creatures
  Arachne (Spider:2)
  The ghost of Gargoyl the Corrupter of Planes, an adept DsAK of Lugonu (Spider:2)
  Ilsuiw (Shoals:4)
  5 emperor scorpions
  3 ghost moths (Spider:4)
  An entropy weaver (Lair:3)
  3 spark wasps
  A merfolk javelineer (Shoals:4)
  Snorg (Orc:1)
  The ghost of Musteatbrain the Basher, a journeyman DsFi of Qazlal (Orc:1)
  6 merfolk impalers
  A fire dragon (Lair:6)
  Josephine (Orc:2)
  2 vault guards (D:14)
  An ice dragon (D:15)
  5 ogre magi
  9 hydras
  A great orb of eyes (D:15)
  Fannar (Lair:1)
  2 catoblepae
  A rakshasa (D:15)
  A merfolk avatar (Shoals:1)
  3 centaur warriors
  2 merfolk aquamancers
  An alligator snapping turtle (Shoals:2)
  A death knight (D:15)
  2 satyrs
  3 death yaks (Lair:6)
  3 tengu warriors
  Nergalle (D:11)
  5 skeletal warriors
  A sea snake (shapeshifter) (D:15)
  The ghost of Satyr the Grave Robber, a novice DsNe of Nemelex Xobeh (D:10)
  5 sea snakes
  The ghost of Drunkenshrew the Slicer, a novice HEBe of Trog (D:7)
  A deep troll (shapeshifter) (D:15)
  A deep troll (D:15)
  2 wizards (D:14)
  4 orc knights
  2 unseen horrors (D:15)
  2 necromancers
  3 hill giants
  8 harpies
  25 wolf spiders
  Pikel (D:8)
  14 fauns
  15 ugly things
  4 orc sorcerers
  A deep elf mage (D:13)
  A wolf spider zombie (D:15)
  21 orb spiders
  An oklob plant (Shoals:3)
  2 moths of wrath (Spider:2)
  3 manticores
  7 cyclopes
  Joseph (D:7)
  5 sirens
  4 elephants
  A black mamba (Lair:1)
  A torpor snail (Lair:2)
  A gargoyle (D:13)
  2 yaktaurs
  2 rime drakes (Lair:6)
  18 spiny frogs
  A kobold demonologist (Bailey)
  10 komodo dragons
  2 freezing wraiths (D:15)
  An efreet (D:15)
  14 demonic crawlers
  7 trolls
  The ghost of sheala the Sneak, a novice DEEn of Sif Muna (D:6)
  9 meliai
  3 tengu conjurers
  2 wind drakes (Shoals:2)
  41 jumping spiders
  A polar bear (Lair:5)
  17 merfolk
  19 hornets
  15 two-headed ogres
  A hornet (shapeshifter) (D:13)
  Prince Ribbit (D:8)
  A wind drake (shapeshifter) (D:15)
  12 blink frogs
  10 hippogriffs
  5 snapping turtles
  35 dream sheep
  A centaur simulacrum (D:15)
  Sigmund (D:6)
  67 redbacks
  12 water elementals
  20 tarantellas
  4 wyverns
  A human (shapeshifter) (D:13)
  4 wraiths
  A shadow (D:13)
  3 basilisks
  21 humans (D:14)
  A hungry ghost (D:8)
  32 yaks
  A steam dragon (Lair:6)
  6 wargs
  4 mottled dragons
  14 water moccasins
  A soldier ant (D:14)
  11 porcupines
  2 hornet zombies
  3 sky beasts
  33 orc warriors
  3 ice beasts
  4 black bears
  2 eyes of draining
  A phantom (D:7)
  24 wolves
  38 ogres
  20 centaurs
  17 crocodiles
  3 big kobolds
  17 bullfrogs
  2 gnoll sergeants
  10 scorpions
  12 killer bees
  6 wights
  3 howler monkeys (D:13)
  5 electric eels
  A bullfrog zombie (D:12)
  7 centaur zombies
  11 crimson imps
  11 hounds
  2 centaur skeletons (D:12)
  16 orc priests
  Crazy Yiuf (D:2)
  2 jellies
  17 orc wizards
  3 bullfrog skeletons
  3 iguanas
  11 worker ants
  2 polar bear simulacra (Lair:5)
  2 yak simulacra (Lair:5)
  A worker ant zombie (D:5)
  22 gnolls
  19 adders
  2 oozes (D:3)
  An adder zombie (D:6)
  3 worms
  2 dart slugs
  A leopard gecko (D:8)
  87 orcs
  18 bats
  4 giant cockroaches
  14 goblins
  14 hobgoblins
  3 jackals (D:9)
  24 kobolds
  4 quokkas
  2 ball pythons
  6 frilled lizards
  A jackal skeleton (D:5)
  A leopard gecko skeleton (D:5)
  2 quokka skeletons (D:4)
  9 rats
  3 river rat simulacra (Lair:5)
  2 fungi
  7 plants
1190 creatures vanquished.

Vanquished Creatures (collateral kills)
  Nikola (Shoals:1)
  An orc warlord (Orc:2)
  2 entropy weavers
  A merfolk impaler (Shoals:3)
  2 ogre magi (D:13)
  2 merfolk avatars (Shoals:3)
  2 sea snakes
  A hill giant (D:13)
  A manticore (Lair:6)
  2 elephants (Lair:3)
  2 sirens
  A centaur skeleton (D:12)
  3 water nymphs
  A spiny frog (Lair:4)
  A rime drake (Lair:5)
  A komodo dragon (Lair:3)
  A wind drake (Shoals:4)
  2 merfolk
  A two-headed ogre (Orc:2)
  2 blink frogs
  2 hippogriffs
  A snapping turtle (Shoals:3)
  9 dream sheep
  4 yaks
  A wyvern (D:13)
  A basilisk (Lair:4)
  A vampire mosquito (D:13)
  A mottled dragon (Lair:6)
  A warg (Orc:1)
  2 water moccasins
  An orc warrior (Orc:2)
  2 swamp drakes (Lair:6)
  3 ogres
  2 wolves
  3 crocodiles (Lair:6)
  2 bullfrogs (D:13)
  A wight (D:15)
  A howler monkey (D:13)
  An iguana (Lair:6)
  A polar bear simulacrum (Lair:5)
  A yak simulacrum (Lair:5)
  A wolf simulacrum (Lair:5)
  A worm (D:2)
  5 orcs
  A bat (D:2)
  A river rat simulacrum (Lair:5)
  4 fungi
  A plant (Lair:1)
85 creatures vanquished.

Vanquished Creatures (others)
  2 jumping spiders (Spider:3)
  A snapping turtle (Shoals:4)
  3 redbacks (Spider:3)
  A slave (D:7)
  A gnoll sergeant (D:7)
  A jelly (D:7)
  A bullfrog zombie (D:7)
  3 orc wizards
  A leopard gecko (D:7)
  3 orcs (D:8)
  A giant cockroach (D:7)
  6 fungi
  18 plants
42 creatures vanquished.

Grand Total: 1317 creatures vanquished

Notes
Turn   | Place    | Note
-------+----------+-------------------------------------------
     0 | D:1      | GordonOverkill the Minotaur Necromancer began the quest for the Orb.
     0 | D:1      | Reached XP level 1. HP: 14/14 MP: 1/1
    57 | D:1      | Reached skill level 1 in Fighting
   414 | D:1      | Reached XP level 2. HP: 15/24 MP: 3/3
   719 | D:1      | Learned a level 1 spell: Animate Skeleton
   754 | D:1      | Reached skill level 1 in Axes
  1165 | D:2      | Reached skill level 2 in Axes
  1165 | D:2      | Reached XP level 3. HP: 25/29 MP: 0/4
  1299 | D:2      | Noticed Terence
  1327 | D:2      | Reached skill level 3 in Axes
  2011 | D:2      | Found a runed door.
  2136 | D:2      | Reached XP level 4. HP: 34/36 MP: 5/5
  2187 | D:2      | Found a shimmering altar of Xom.
  2280 | D:2      | Noticed Crazy Yiuf
  2288 | D:2      | Killed Crazy Yiuf
  2288 | D:2      | Reached skill level 4 in Axes
  2860 | D:3      | Noticed a centaur
  2878 | D:3      | Killed a centaur
  2878 | D:3      | Reached skill level 5 in Axes
  2878 | D:3      | Reached XP level 5. HP: 7/41 MP: 6/6
  3386 | D:3      | Found a snail-covered altar of Cheibriados.
  3405 | D:3      | Found a stormy altar of Qazlal.
  3412 | D:3      | Reached skill level 6 in Axes
  3792 | D:4      | Noticed an ogre
  3949 | D:4      | Reached XP level 6. HP: 44/48 MP: 7/7
  4084 | D:3      | Reached skill level 7 in Axes
  4452 | D:5      | Entered Level 5 of the Dungeon
  4462 | D:5      | Reached skill level 8 in Axes
  4771 | D:5      | Found a shadowy altar of Dithmenos.
  4829 | D:5      | Reached XP level 7. HP: 33/55 MP: 8/8
  5057 | D:5      | Reached skill level 9 in Axes
  5372 | D:5      | Reached skill level 10 in Axes
  5448 | D:5      | Reached skill level 1 in Maces & Flails
  5979 | D:5      | Reached XP level 8. HP: 42/61 MP: 9/9
  6512 | D:5      | Reached skill level 5 in Maces & Flails
  6845 | D:6      | Noticed Sigmund
  6895 | D:6      | Killed Sigmund
  7120 | D:6      | Noticed sheala's ghost (novice DEEn)
  7152 | D:6      | Killed sheala's ghost
  7596 | D:6      | Found a blossoming altar of Fedhas.
  8114 | D:7      | Noticed a hippogriff
  8503 | D:6      | Killed a hippogriff
  8503 | D:6      | Reached XP level 9. HP: 24/67 MP: 10/10
  8745 | D:7      | Noticed Pikel
  8749 | D:7      | Noticed Joseph
  8757 | D:7      | Noticed Drunkenshrew's ghost (novice HEBe)
  8761 | D:7      | Gained mutation: Your magical capacity is low. (-10% MP) [potion of mutation]
  8761 | D:7      | Gained mutation: You have sharp toenails. [potion of mutation]
  8761 | D:7      | Gained mutation: You are weak. (Str -2) [potion of mutation]
  8793 | D:7      | Killed Drunkenshrew's ghost
  8835 | D:8      | Found a sparkling altar of Nemelex Xobeh.
  9061 | D:8      | Killed Pikel
  9280 | D:7      | Found a staircase to the Ecumenical Temple.
  9337 | D:7      | Killed Joseph
  9466 | D:7      | Reached XP level 10. HP: 80/80 MP: 9/9
  9724 | D:7      | Reached skill level 5 in Fighting
 10501 | D:4      | Learned a level 2 spell: Blink
 10509 | D:4      | Learned a level 2 spell: Repel Missiles
 10851 | Temple   | Entered the Ecumenical Temple
 11374 | Temple   | Became a worshipper of Makhleb the Destroyer
 11801 | D:8      | Noticed Prince Ribbit
 11815 | D:8      | Killed Prince Ribbit
 12463 | D:9      | Found a staircase to the Lair.
 12521 | D:9      | Reached * piety under Makhleb
 13519 | D:9      | Found a basalt altar of Yredelemnul.
 13525 | D:9      | Reached XP level 11. HP: 97/97 MP: 10/10
 13775 | D:9      | Reached ** piety under Makhleb
 13928 | D:10     | Entered Level 10 of the Dungeon
 14022 | D:10     | Noticed Satyr's ghost (novice DsNe)
 14368 | D:10     | Found a flagged portal.
 14384 | Bailey   | Entered a bailey
 14426 | Bailey   | Found an iron altar of Okawaru.
 14427 | Bailey   | Noticed an orc sorcerer
 14437 | Bailey   | Killed an orc sorcerer
 14524 | Bailey   | Reached skill level 11 in Axes
 14596 | Bailey   | Reached skill level 10 in Fighting
 14625 | Bailey   | Got a warped scale mail
 14626 | Bailey   | Identified the +7 scale mail of Indomitability {rF+} (You found it in a bailey)
 15163 | Lair:1   | Entered Level 1 of the Lair of Beasts
 15191 | Lair:1   | Reached *** piety under Makhleb
 15211 | Lair:1   | Noticed Fannar
 15238 | Lair:1   | Killed Fannar
 15477 | Lair:1   | Reached skill level 12 in Axes
 16537 | Lair:2   | Reached XP level 12. HP: 110/110 MP: 11/11
 16573 | Lair:2   | Reached **** piety under Makhleb
 16623 | Lair:2   | Noticed a five-headed hydra
 16636 | Lair:2   | Killed a five-headed hydra
 16690 | Lair:2   | Reached skill level 13 in Axes
 17158 | Lair:2   | Reached skill level 1 in Armour
 17187 | Lair:2   | Found a staircase to the Shoals.
 17997 | Lair:3   | Reached skill level 14 in Axes
 18025 | Lair:3   | Reached skill level 5 in Armour
 18405 | Lair:3   | Reached ***** piety under Makhleb
 18527 | Lair:3   | Found a hole to the Spider Nest.
 19234 | Lair:4   | Reached XP level 13. HP: 88/119 MP: 12/12
 19870 | Lair:4   | Reached skill level 15 in Axes
 20886 | Lair:5   | Found a staircase to the Slime Pits.
 21212 | Lair:5   | Learned a level 3 spell: Regeneration
 21661 | Lair:6   | Entered Level 6 of the Lair of Beasts
 22007 | Lair:6   | Reached skill level 10 in Armour
 22007 | Lair:6   | Reached skill level 5 in Necromancy
 22077 | Lair:6   | Reached skill level 16 in Axes
 22241 | Lair:6   | Found a radiant altar of Vehumet.
 22372 | Lair:6   | Reached ****** piety under Makhleb
 22377 | Lair:6   | Reached XP level 14. HP: 127/127 MP: 11/13
 23065 | D:10     | Killed Satyr's ghost
 23812 | D:11     | Found a staircase to the Orcish Mines.
 23912 | D:11     | Learned a level 2 spell: Swiftness
 23919 | D:11     | Found Ximmias's Antique Weapon Emporium.
 24012 | D:11     | Got a crude whip
 24013 | D:11     | Identified the cursed +2 whip of Dim Light {vamp, Int+4} (You found it on level 11 of the Dungeon)
 24066 | D:11     | Noticed Nergalle
 24095 | D:11     | Killed Nergalle
 25273 | D:12     | Found a sacrificial altar of Ru.
 25498 | D:13     | Found Wuppusecs's Gadget Emporium.
 25518 | D:13     | Reached skill level 17 in Axes
 25578 | D:13     | Reached skill level 5 in Dodging
 25601 | D:13     | Paralysed by an ogre mage for 6 turns
 25784 | D:13     | Found Myennolu's Antique Armour Shop.
 25928 | D:13     | Got a twitching bone amulet
 26019 | D:13     | Identified the amulet "Jeoc Cig" {Inacc rF+ Dex+9} (You found it on level 13 of the Dungeon)
 26154 | D:13     | Found Gaunits's Book Shop.
 26534 | D:13     | Lost mutation: You are weak. (Str -2) [potion of cure mutation]
 26534 | D:13     | Lost mutation: Your magical capacity is low. (-10% MP) [potion of cure mutation]
 26534 | D:13     | Lost mutation: You have sharp toenails. [potion of cure mutation]
 26535 | D:13     | Gained mutation: You evolve. [potion of beneficial mutation]
 26536 | D:13     | Gained mutation: Your flesh is heat resistant. (rF+) [potion of beneficial mutation]
 26745 | Orc:1    | Entered Level 1 of the Orcish Mines
 26745 | Orc:1    | Found Ymeokum's Jewellery Boutique.
 26748 | Orc:1    | Noticed Musteatbrain's ghost (journeyman DsFi)
 26767 | Orc:1    | Killed Musteatbrain's ghost
 27249 | Orc:2    | Entered Level 2 of the Orcish Mines
 27249 | Orc:2    | Noticed Snorg
 27266 | Orc:1    | Killed Snorg
 27342 | Orc:1    | Reached skill level 1 in Invocations
 27535 | Orc:2    | Found Kauchefi's Armour Shoppe.
 27579 | Orc:2    | Reached skill level 18 in Axes
 27585 | Orc:2    | Reached XP level 15. HP: 131/134 MP: 16/16
 27755 | Orc:2    | Found a staircase to the Elven Halls.
 27788 | Orc:2    | Found Bomym's Armour Shop.
 27859 | Orc:2    | Found Liamefun's Gadget Shoppe.
 27859 | Orc:2    | Found Unakhle's Magic Scroll Boutique.
 27859 | Orc:2    | Found Ecsuing's Antique Armour Shoppe.
 27898 | Orc:2    | Bought a scroll of silence for 97 gold pieces
 27898 | Orc:2    | Bought a scroll of identify for 26 gold pieces
 27898 | Orc:2    | Bought a scroll of blinking for 97 gold pieces
 27898 | Orc:2    | Bought a scroll of magic mapping for 45 gold pieces
 27899 | Orc:2    | Bought a heavily runed scale mail for 207 gold pieces
 27899 | Orc:2    | Bought an embroidered cloak for 241 gold pieces
 27903 | Orc:2    | Identified the +10 scale mail "Nied" {SInv} (You bought it in a shop on level 2 of the Orcish Mines)
 27982 | Orc:2    | Noticed an orc warlord
 28000 | Orc:2    | Killed an orc warlord
 28036 | Orc:2    | Noticed Josephine
 28056 | Orc:2    | Killed Josephine
 29044 | D:14     | Reached skill level 5 in Invocations
 29136 | D:14     | Reached skill level 10 in Dodging
 29174 | D:14     | Got an ancient lead ring
 29317 | D:14     | Identified the ring of Cheibriados's Envy {rPois rC+ Int+2 SInv} (You took it off a human on level 14 of the Dungeon)
 29649 | D:14     | Found a gate to the Vaults.
 29704 | D:15     | Entered Level 15 of the Dungeon
 29760 | D:15     | Reached skill level 19 in Axes
 30006 | D:15     | Found a staircase to the Depths.
 30016 | D:15     | Gained mutation: You are frail. (-10% HP) [a shining eye]
 30672 | D:15     | Reached XP level 16. HP: 128/128 MP: 20/20
 30889 | D:14     | Gained mutation: Your body sometimes deteriorates upon taking damage. [evolution]
 31079 | D:15     | Found a runed door.
 31192 | D:15     | Identified the Handbook of Creation and Hexes
 31542 | Spider:1 | Entered Level 1 of the Spider Nest
 33176 | Spider:2 | Reached skill level 20 in Axes
 33337 | Spider:2 | Noticed Arachne
 33379 | Spider:2 | Killed Arachne
 33608 | Spider:2 | Noticed Gargoyl's ghost (adept DsAK)
 33658 | Spider:2 | Killed Gargoyl's ghost
 33658 | Spider:2 | Reached skill level 15 in Fighting
 35611 | Spider:2 | Gained mutation: You rapidly evolve. [evolution]
 35860 | Shoals:1 | Entered Level 1 of the Shoals
 35965 | Shoals:1 | Noticed Nikola
 35974 | Shoals:1 | Found a runed door.
 35981 | Shoals:1 | Killed Nikola
 35992 | Shoals:1 | HP: 1/135 [faun/sling bullet[a satyr] (7)]
 36111 | Shoals:1 | Reached XP level 17. HP: 142/142 MP: 21/21
 36212 | Shoals:1 | Reached skill level 21 in Axes
 36226 | Shoals:1 | Got an uncursed iridescent mace {flame}
 36241 | Shoals:1 | Identified the +10 mace of the Mouth {flame, rC+ rN+++ MR+ Str-2} (You took it off a centaur on level 1 of the Shoals)
 37232 | Spider:4 | Entered Level 4 of the Spider Nest
 38890 | Spider:4 | Reached skill level 22 in Axes
 39014 | Spider:4 | Got a gossamer rune of Zot
 39288 | Orc:1    | Bought a +4 ring of protection for 432 gold pieces
 39457 | Shoals:1 | Reached skill level 10 in Invocations
 40253 | Shoals:2 | Identified a scroll of acquirement
 41102 | Shoals:3 | Reached XP level 18. HP: 149/149 MP: 25/25
 41278 | Shoals:3 | Gained mutation: You are very frail. (-20% HP) [evolution]
 41511 | Shoals:3 | Learned a level 1 spell: Apportation
 41938 | Shoals:4 | Entered Level 4 of the Shoals
 41955 | Shoals:4 | Noticed Ilsuiw
 42031 | Shoals:4 | Killed Ilsuiw
 42075 | Shoals:4 | Learned a level 1 spell: Summon Butterflies
 42082 | Shoals:4 | Learned a level 6 spell: Invisibility
 42096 | Shoals:4 | Found Firghyqeorph's Gadget Shop.
 42264 | Shoals:4 | Killed from afar by a merfolk aquamancer

Skill      XL: |  1  2  3  4  5  6  7  8  9 10 11 12 13 14 15 16 17 18 |
---------------+-------------------------------------------------------+-----
Fighting       | 2 4 9 11 12 13 15 16 | 16.4
Axes           | 2 3 5 6 8 10 12 14 16 18 19 20 22 | 22.8
Maces & Flails | 3 9 12 14 | 14.9
Armour         | 7 10 11 | 11.5
Necromancy     | 5 6 |  6.0
Dodging        | 8 10 | 10.2
Invocations    | 1 7 10 11 | 11.1
Stealth        | |  1.5
Spellcasting   | |  1.3

Action                   |  1- 3 |  4- 6 |  7- 9 | 10-12 | 13-15 | 16-18 || total
-------------------------+-------+-------+-------+-------+-------+-------++-------
Melee: Spear             |    33 |       |       |       |       |       ||    33
       Headbutt          |     8 |    19 |    61 |   112 |   266 |   273 ||   739
       Hand axe          |    70 |   143 |    76 |       |       |       ||   289
       Eveningstar       |       |       |   292 |   224 |       |       ||   516
       Battleaxe         |       |       |       |   649 |  1383 |  1519 ||  3551
       Dire flail        |       |       |       |    27 |    83 |    60 ||   170
Throw: Javelin           |       |       |    10 |    13 |       |       ||    23
 Cast: Pain              |    15 |    22 |       |       |       |       ||    37
       Animate Skeleton  |    10 |    11 |     2 |    45 |   187 |    50 ||   305
Invok: Minor Destruction |       |       |       |       |     1 |     8 ||     9
       Lesser Servant of |       |       |       |       |     1 |     4 ||     5
       Major Destruction |       |       |       |       |       |    57 ||    57
       Greater Servant o |       |       |       |       |       |     1 ||     1
Evoke: Wand              |       |       |       |       |       |    27 ||    27
  Use: Scroll            |       |    10 |     8 |    12 |    21 |    21 ||    72
       Potion            |       |     4 |     4 |     1 |     6 |    12 ||    27
 Stab: Distracted        |       |       |       |     7 |     7 |     7 ||    21
       Petrified         |       |       |       |       |     8 |       ||     8
       Petrifying        |       |       |       |       |     1 |       ||     1
  Eat: Chunk             |     5 |     9 |    13 |    31 |    68 |    37 ||   163
       Beef jerky        |       |       |     1 |     1 |     1 |       ||     3
       Fruit             |       |       |     1 |       |     8 |       ||     9
       Meat ration       |       |       |       |     4 |     2 |       ||     6
       Pizza             |       |       |       |     7 |     3 |       ||    10
Armor: Robe              |     4 |       |       |       |       |       ||     4
       Ring mail         |    36 |    88 |       |       |       |       ||   124
       Leather armour    |     4 |       |       |       |       |       ||     4
       Chain mail        |       |     8 |   133 |       |       |       ||   141
       Scale mail        |       |       |   108 |   523 |   755 |  1248 ||  2634
Dodge: Dodged            |    91 |    95 |   157 |   397 |   773 |  1290 ||  2803
Block: Other             |       |       |       |       |       |    55 ||    55
       Reflection        |       |       |       |       |       |     1 ||     1
